 Dungeon Crawl Stone Soup version 0.19-a0-1210-g5c1aa26 (webtiles) character file.

47873 Duffy the Peltast (level 14, 109/130 HPs)
             Began as a Minotaur Fighter on Aug 22, 2016.
             Was a High Priest of the Shining One.
             Quit the game on level 14 of the Dungeon.
             The game lasted 00:25:19 (16118 turns).

Duffy the Peltast (Minotaur Fighter)               Turns: 16118, Time: 00:25:19

Health: 109/130    AC: 33    Str: 19    XL:     14   Next: 10%
Magic:  17/17      EV: 11    Int:  5    God:    the Shining One [*****.]
Gold:   1122       SH: 15    Dex: 21    Spells: 3 memorised, 5 levels left

rFire  + . .     SeeInvis .     D - +10 flail of the Ship {crush, rPois}
rCold  . . .     Gourm    .     R - +7 plate armour of the Lost Path {rF+ Int+3}
rNeg   + + .     Faith    .     c - +0 shield
rPois  +         Spirit   .     b - +4 hat of the Peasants {rPois Regen+ Str-3}
rElec  .         Dismiss  .     a - +2 cloak
rCorr  .         Reflect  .     l - +2 pair of gloves
MR     +++..     Harm     .     (no boots)
Stlth  ..........               L - amulet of magic regeneration
                                v - ring of protection from magic
                                N - ring "Dafu" {rPois MR+ Int-3 Dex+7}

@: glowing
A: retaliatory headbutt, horns 2
a: Divine Shield, Cleansing Flame, Summon Divine Warrior, Renounce Religion


You were on level 14 of the Dungeon.
You worshipped the Shining One.
The Shining One was extremely pleased with you.
You were hungry.

You visited 3 branches of the dungeon, and saw 18 of its levels.
You also visited: Sewer, Ossuary and Volcano.

You collected 1152 gold pieces.
You spent 30 gold pieces at shops.

Inventory:

Hand Weapons
 D - the +10 flail of the Ship (weapon) {crush, rPois}
   (You took it off an orc on level 10 of the Dungeon)

   It inflicts extra damage upon your enemies.
   It protects you from poison.
Missiles
 J - 7 silver tomahawks (quivered)
Armour
 a - a +2 cloak (worn)
 b - the +4 hat of the Peasants (worn) {rPois Regen+ Str-3}
   (You found it on level 8 of the Dungeon)

   It affects your strength (-3).
   It protects you from poison.
   It increases your rate of regeneration.
 c - a +0 shield (worn)
 l - a +2 pair of gloves (worn)
 R - the +7 plate armour of the Lost Path (worn) {rF+ Int+3}
   (You found it on level 9 of the Dungeon)

   It affects your intelligence (+3).
   It protects you from fire.
Jewellery
 e - an uncursed ring of ice
 k - an uncursed ring of poison resistance
 v - a ring of protection from magic (right hand)
 L - an amulet of magic regeneration (around neck)
 N - the ring "Dafu" (left hand) {rPois MR+ Int-3 Dex+7}
   (You found it on level 9 of the Dungeon)

   [ring of intelligence]

   It affects your intelligence (-3).
   It affects your dexterity (+7).
   It protects you from poison.
   It affects your resistance to hostile enchantments.
 V - an uncursed ring of protection from cold
 W - an uncursed ring of resist corrosion
Wands
 G - a wand of teleportation (9/9)
 K - a wand of iceblast (10/15)
 S - a wand of acid (9/15)
 Z - a wand of disintegration (4/24)
Scrolls
 j - 4 scrolls of fear
 m - a scroll of summoning
 n - 14 scrolls of remove curse
 o - 2 scrolls of identify
 p - a scroll of brand weapon
 q - 3 scrolls of blinking
 s - 3 scrolls of magic mapping
 y - a scroll of teleportation
 z - 7 scrolls of enchant armour
 E - 2 scrolls of recharging
 I - a scroll of fog
 M - 2 scrolls of enchant weapon
 Q - a scroll of holy word
Potions
 d - 2 potions of resistance
 i - 3 potions of haste
 t - a potion of flight
 u - 7 potions of curing
 w - 6 potions of agility
 x - 4 potions of might
 A - 8 potions of heal wounds
 B - 4 potions of cancellation
 C - 3 potions of berserk rage
 H - 2 potions of magic
Miscellaneous
 r - a sack of spiders
Comestibles
 f - 11 bread rations
 g - 7 beef jerkies
 h - 24 royal jellies
 F - 8 meat rations
 O - 3 chunks of flesh
 P - 2 slices of pizza
 X - 13 fruits


   Skills:
 + Level 13.6 Fighting
 - Level 12.0 Maces & Flails
 + Level 11.3 Armour
 + Level 8.0 Dodging
 - Level 15.8 Shields
 - Level 6.0 Invocations
 - Level 5.5 Evocations


You had 5 spell levels left.
You knew the following spells:

 Your Spells              Type           Power        Failure   Level  Hunger
a - Repel Missiles        Chrm/Air       #.....       100%        2    ###....
b - Swiftness             Chrm/Air       #.......     100%        2    ###....
c - Passage of Golubria   Tloc           N/A          100%        4    #####..


Dungeon Overview and Level Annotations

Branches:
Dungeon (15/15)            Temple (1/1) D:4            Lair (2/6) D:10
    Orc (0/2) D:9          Vaults (0/5) D:14
  Swamp: Lair:2-4    Shoals: Lair:2-4     Snake: Lair:2-4    Spider: Lair:2-4
 Depths: D:15

Altars:
Ashenzari
Cheibriados
Dithmenos
Elyvilon
Fedhas
Gozag
Hepliaklqana
Kikubaaqudgha
Makhleb
Nemelex Xobeh
Okawaru
Qazlal
Ru
Sif Muna
Trog
Uskayaw
Vehumet
Xom
Yredelemnul
Zin
The Shining One

Shops:
D:8 *

Annotations:
D:14 exclusion: Roxanne, Roxanne


Innate Abilities, Weirdness & Mutations

You reflexively headbutt those who attack you in melee.
You have a pair of horns on your head.


Message History

No reachable target in view!
No reachable target in view!
No reachable target in view!
No reachable target in view!
No reachable target in view!
No reachable target in view!
No reachable target in view!
No reachable target in view!
No reachable target in view!
No reachable target in view!
No reachable target in view!
You see here a yak corpse.
You butcher the yak corpse.
Things that are here:
a chunk of flesh; a yak skeleton A yak is nearby!
A yak is nearby!
A yak is nearby!
O - 3 chunks of flesh (gained 1) Are you sure you want to abandon this character and quit the game? (Confirm with "yes".)

..####~#######.###.# ....
#... ........[.......)#.#
..... #...
[###~~~~~######..#.# [....
#... .# #~~~~~# #..#.#
#..... #... .#
##~~~########.#.##~.~~~~
#### ..
..#~#.......[...#~~.~~~~ #
##.###....(......~~~.~~~.
#. #........#..~~~.~~~. #.
##........@.%~~~.~~Y.
#...........%#~~.~~~~
#######................~~~~
................#..###~~~~#
############'####.>....~~##
#.# ######.### #.# #.# ..#


There were no monsters in sight!

Vanquished Creatures
  Rupert (D:14)
  Agnes (D:14)
  Nessos (Volcano)
  2 centaur warriors
  3 hydras
  Erica (D:8)
  The ghost of eragonby the Blocker, a novice MiFi of Xom (D:9)
  A death knight (D:11)
  5 death yaks (Lair:1)
  2 tengu warriors (D:14)
  3 unseen horrors
  3 deep elf magi (D:14)
  A hill giant (D:12)
  A necromancer (D:14)
  A cyclops (D:11)
  7 ugly things
  5 elephants (Lair:2)
  A black mamba (Lair:1)
  2 gargoyles
  2 kobold demonologists (D:15)
  4 komodo dragons
  2 spiny frogs
  2 freezing wraiths (D:11)
  6 trolls
  Prince Ribbit (D:8)
  2 queen bees
  A harpy skeleton (D:14)
  A two-headed ogre (D:14)
  A water elemental (D:14)
  25 yaks
  3 wraiths
  A vampire (D:11)
  3 hungry ghosts
  3 hippogriffs
  A mottled dragon (D:13)
  A soldier ant (D:14)
  5 water moccasins
  6 porcupines
  11 orc warriors
  Purgy (Sewer)
  5 sky beasts
  A wasp (D:9)
  An eye of draining (D:13)
  5 black bears
  4 phantoms
  3 ice beasts
  3 necrophages
  3 boggarts (D:14)
  7 ogres
  13 centaurs
  4 wolves (Lair:1)
  9 crocodiles
  3 big kobolds (D:15)
  11 giant frogs
  2 wyvern zombies
  2 scorpions
  43 killer bees
  5 wights (D:8)
  8 howler monkeys
  An electric eel (D:13)
  4 crimson imps
  7 giant frog zombies
  4 centaur zombies
  9 orc priests
  5 hounds
  A quasit (D:8)
  5 jellies
  12 orc wizards
  5 centaur skeletons
  7 iguanas
  2 giant frog skeletons
  11 worker ants
  4 sheep (Lair:1)
  3 killer bee zombies
  5 hound zombies
  16 mummies
  2 worker ant zombies
  12 adders
  4 gnolls
  16 river rats
  An ooze (D:3)
  3 adder zombies
  An adder skeleton (D:4)
  A worm (D:3)
  A dart slug (D:2)
  4 giant geckos
  77 orcs
  19 bats
  9 giant cockroaches
  8 goblins
  5 hobgoblins
  4 jackals
  6 quokkas
  A ball python skeleton (D:3)
  A giant cockroach zombie (Ossuary)
  2 giant gecko zombies
  5 giant newts
  A hobgoblin zombie (D:4)
  A jackal zombie (Ossuary)
  14 kobolds
  An orc zombie (D:4)
  4 quokka zombies
  10 rats
  A fungus (D:10)
571 creatures vanquished.

Vanquished Creatures (others)
  A fungus (Lair:2)
  A plant (Lair:2)
  5 withered plants
7 creatures vanquished.

Grand Total: 578 creatures vanquished

Notes
Turn   | Place    | Note
-------+----------+-------------------------------------------
     0 | D:1      | Duffy the Minotaur Fighter began the quest for the Orb.
     0 | D:1      | Reached XP level 1. HP: 19/19 MP: 0/0
   215 | D:2      | Reached skill level 4 in Shields
   281 | D:2      | Reached XP level 2. HP: 27/27 MP: 1/1
   511 | D:3      | Reached XP level 3. HP: 33/33 MP: 2/2
   593 | D:3      | Found a glowing drain.
   609 | Sewer    | Entered a sewer
   630 | Sewer    | Noticed Purgy
   634 | Sewer    | Killed Purgy
   634 | Sewer    | Reached XP level 4. HP: 38/40 MP: 3/3
   634 | Sewer    | Reached XP level 5. HP: 44/46 MP: 4/4
   840 | D:4      | Noticed a phantom
   855 | D:4      | Killed a phantom
   855 | D:4      | Reached skill level 5 in Shields
   910 | D:4      | Found a sand-covered staircase.
   915 | Ossuary  | Entered an ossuary
   933 | Ossuary  | Reached skill level 5 in Maces & Flails
   933 | Ossuary  | Reached XP level 6. HP: 35/53 MP: 5/5
   935 | Ossuary  | Reached skill level 5 in Armour
   961 | Ossuary  | Reached skill level 5 in Fighting
  1257 | Ossuary  | Reached XP level 7. HP: 39/61 MP: 6/6
  1736 | Ossuary  | Reached skill level 6 in Shields
  2173 | D:4      | Found a staircase to the Ecumenical Temple.
  2181 | Temple   | Entered the Ecumenical Temple
  2299 | Temple   | Became a worshipper of the Shining One
  2966 | D:1      | Reached XP level 8. HP: 65/70 MP: 7/7
  3982 | D:4      | Reached skill level 7 in Shields
  4527 | D:5      | Entered Level 5 of the Dungeon
  5262 | D:5      | Reached * piety under the Shining One
  5644 | D:5      | Found a sparkling altar of Nemelex Xobeh.
  5751 | D:5      | You fall through a shaft for 3 floors!
  5788 | D:8      | Reached skill level 8 in Shields
  5826 | D:8      | Noticed Erica
  5844 | D:8      | Killed Erica
  5844 | D:8      | Reached skill level 9 in Shields
  5844 | D:8      | Reached XP level 9. HP: 13/75 MP: 8/8
  6134 | D:8      | Found a white marble altar of Elyvilon.
  6135 | D:8      | Found a stormy altar of Qazlal.
  6136 | D:8      | Found a blossoming altar of Fedhas.
  6143 | D:8      | Reached skill level 10 in Maces & Flails
  6152 | D:8      | Noticed Prince Ribbit
  6156 | D:8      | Noticed a queen bee
  6328 | D:7      | Reached skill level 10 in Shields
  6539 | D:6      | Reached ** piety under the Shining One
  7131 | D:6      | Reached skill level 11 in Shields
  7429 | D:6      | Reached XP level 10. HP: 90/90 MP: 9/9
  8034 | D:8      | Found Ereusuk's Changing Room.
  8042 | D:8      | Bought a potion of lignification for 30 gold pieces
  8308 | D:8      | Reached *** piety under the Shining One
  8333 | D:8      | Reached skill level 12 in Shields
  8387 | D:8      | Reached skill level 10 in Fighting
  8698 | D:8      | Got an encrusted hat
  8953 | D:8      | Identified the +4 hat of the Peasants {rPois Regen+ Str-3} (You found it on level 8 of the Dungeon)
  8968 | D:9      | Got a transparent brass ring
  8969 | D:9      | Identified the cursed ring "Dafu" {rPois MR+ Int-3 Dex+7} (You found it on level 9 of the Dungeon)
  9024 | D:9      | Got a bronze plate armour
  9027 | D:9      | Noticed eragonby's ghost (novice MiFi)
  9052 | D:9      | Killed eragonby's ghost
  9063 | D:9      | Identified the +7 plate armour of the Lost Path {rF+ Int+3} (You found it on level 9 of the Dungeon)
  9378 | D:8      | Killed Prince Ribbit
  9607 | D:9      | Found a burning altar of Makhleb.
  9813 | D:9      | Reached XP level 11. HP: 100/104 MP: 10/10
  9815 | D:9      | Reached **** piety under the Shining One
  9897 | D:9      | Found a staircase to the Orcish Mines.
  9940 | D:10     | Entered Level 10 of the Dungeon
 10047 | D:10     | Found a staircase to the Lair.
 10136 | D:10     | Got a dazzling flail {crush}
 10137 | D:10     | Identified the +10 flail of the Ship {crush, rPois} (You took it off an orc on level 10 of the Dungeon)
 10525 | D:10     | Reached skill level 13 in Shields
 10700 | Lair:1   | Entered Level 1 of the Lair of Beasts
 10968 | Lair:1   | Reached skill level 14 in Shields
 11483 | Lair:1   | Noticed a death yak
 11484 | Lair:1   | Noticed a death yak
 11485 | Lair:1   | Noticed a death yak
 11486 | Lair:1   | Noticed a death yak
 11509 | Lair:1   | Killed a death yak
 11512 | Lair:1   | Noticed a death yak
 11513 | Lair:1   | Killed a death yak
 11513 | Lair:1   | Reached skill level 15 in Shields
 11520 | Lair:1   | Killed a death yak
 11528 | Lair:1   | Killed a death yak
 11535 | Lair:1   | Killed a death yak
 11654 | Lair:2   | Reached XP level 12. HP: 113/113 MP: 11/11
 11717 | Lair:2   | Found a dark tunnel.
 11726 | Volcano  | Entered a volcano
 11786 | Volcano  | Noticed Nessos
 11792 | Volcano  | Killed Nessos
 11986 | Lair:2   | Got an iridescent flail
 12237 | Lair:2   | Reached skill level 1 in Dodging
 12291 | Lair:2   | Learned a level 2 spell: Repel Missiles
 12294 | Lair:2   | Learned a level 2 spell: Swiftness
 12299 | Lair:2   | Learned a level 4 spell: Passage of Golubria
 13169 | D:11     | Reached skill level 5 in Dodging
 13582 | D:11     | Found a stormy altar of Qazlal.
 13733 | D:11     | Noticed a death knight
 13752 | D:11     | Killed a death knight
 13758 | D:11     | Reached skill level 10 in Armour
 14046 | D:12     | Reached XP level 13. HP: 122/122 MP: 12/12
 14104 | D:12     | Reached ***** piety under the Shining One
 14121 | D:12     | Found a shattered altar of Ashenzari.
 14721 | D:12     | Identified the +8 flail of Somewhere Else {crush, rN+} (You found it on level 2 of the Lair of Beasts)
 14785 | D:13     | Reached skill level 1 in Evocations
 14947 | D:13     | Reached skill level 1 in Invocations
 15434 | D:14     | Noticed Agnes
 15449 | D:14     | Killed Agnes
 15449 | D:14     | Reached skill level 5 in Invocations
 15625 | D:14     | Reached skill level 5 in Evocations
 15702 | D:14     | Found a gate to the Vaults.
 15822 | D:14     | Noticed Roxanne
 15842 | D:15     | Entered Level 15 of the Dungeon
 15999 | D:14     | Noticed Rupert
 16013 | D:14     | Killed Rupert
 16013 | D:14     | Reached XP level 14. HP: 89/129 MP: 17/17
 16118 | D:14     | Quit the game

Vault maps used:
D:1:      shiori_arrival_maze, minmay_tromino_i4
D:3:      first_bread, portal_sewer_entry_d, serial_bayou_crossing
D:4:      nicolae_ossuary_entry_giza
D:5:      nemelex_lonely_heart_becter
D:6:      st_stairs_11
D:8:      gammafunk_temple_overflow_forgotten, serial_undead, serial_undead_d,
          serial_undead_c, serial_undead_b, serial_undead_a, serial_undead_b,
          serial_undead_b, serial_undead_d, david_nohive_1,
          nicolae_transmutations_shop, uniq_prince_ribbit1, uniq_erica
D:9:      makhleb_grotto_becter, david_orc_4
D:10:     grunt_lair_entry_orc_guard_hut
D:11:     grunt_qazlal_sundering
D:12:     basic_altar
D:13:     hangedman_decor_points, serial_bayou_ford_a
D:14:     david_vaults_1, nooodl_food_tri, uniq_agnes, uniq_roxanne, uniq_rupert
D:15:     hangedman_slaughterboxes
Temple:   minmay_crystal_spiral_temple
Lair:2:   nicolae_volcano_entry_hallway, st_stairs_8, lemuel_fruit_tree
Sewer:    kennysheep_door_sewer
Ossuary:  ossuary_zaba_flooded
Volcano:  volcano_pools

Skill      XL: |  1  2  3  4  5  6  7  8  9 10 11 12 13 |
---------------+----------------------------------------+-----
Shields        | 4 5 6 9 11 12 15 | 15.8
Maces & Flails | 3 4 5 7 9 10 12 | 12.0
Armour         | 4 5 6 7 10 11 | 11.3
Fighting       | 4 5 8 12 13 | 13.6
Dodging        | 6 8 |  8.0
Evocations     | 5 |  5.5
Invocations    | 6 |  6.0

Action                   |  1- 3 |  4- 6 |  7- 9 | 10-12 | 13-15 || total
-------------------------+-------+-------+-------+-------+-------++-------
Melee: Flail             |    65 |    79 |   393 |   469 |   368 ||  1374
       Headbutt          |    12 |    20 |    74 |   193 |    93 ||   392
       Morningstar       |       |       |       |   290 |       ||   290
Evoke: Wand              |       |       |       |     1 |       ||     1
  Use: Potion            |       |     1 |     1 |       |       ||     2
       Scroll            |       |       |    12 |    19 |     7 ||    38
  Eat: Chunk             |       |       |    17 |    24 |     8 ||    49
       Royal jelly       |       |       |     1 |       |       ||     1
       Beef jerky        |       |       |     2 |       |       ||     2
Armor: Scale mail        |    29 |    22 |   119 |       |       ||   170
       Chain mail        |       |       |    15 |    94 |       ||   109
       Plate armour      |       |       |       |   312 |   188 ||   500
Dodge: Dodged            |    24 |    25 |   100 |   169 |   128 ||   446
Block: Shield            |    35 |    19 |   219 |   576 |   323 ||  1172
